 Dungeon Crawl Stone Soup version 0.26-a0-670-g578ab304f5 (webtiles) character file.

Game seed: 6560210280750382779

5247 Kinoniko the Carver (level 10, 0/77 HPs)
             Began as a Pale Draconian Berserker on Oct 19, 2020.
             Was an Elder of Trog.
             Slain by a hornet (12 damage)
             ... while paralysed by a hornet
             ... on level 8 of the Dungeon.
             The game lasted 00:10:50 (7625 turns).

Kinoniko the Carver (Pale Draconian Berserker)      Turns: 7625, Time: 00:10:50

Health: 0/77       AC:  9    Str: 23    XL:     10   Next: 36%
Magic:  0/10       EV:  2    Int:  7    God:    Trog [****..]
Gold:   499        SH:  0    Dex: 11    Spells: 9/9 levels left

rFire    . . .     SeeInvis +   a - +1 falchion
rCold    . . .     Faith    .   (no shield)
rNeg     . . .     Spirit   +   (armour unavailable)
rPois    .         Reflect  .   (helmet restricted)
rElec    .         Harm     .   o - +1 cloak
rCorr    .         Rampage  .   (no gloves)
MR       .....                  (no boots)
Stlth    +.........             j - amulet of guardian spirit
HPRegen  0.22/turn              s - ring of see invisible
MPRegen  0.12/turn              (no ring)

@: paralysed, lethally poisoned (0 -> -39), marked, berserk cooldown, slowed
A: breathe steam, unfitting armour, stinger 1, evolution 1, cold-blooded, AC +7
a: Breathe Steam, Berserk, Trog's Hand, Brothers in Arms, Renounce Religion


You were on level 8 of the Dungeon.
You worshipped Trog.
Trog was greatly pleased with you.
You visited 1 branch of the dungeon, and saw 8 of its levels.

You collected 499 gold pieces.

Inventory:

Hand Weapons
 a - a +1 falchion (weapon)
Armour
 o - a +1 cloak (worn)
Jewellery
 j - an amulet of guardian spirit (around neck)
 m - an uncursed amulet of magic regeneration
 s - a ring of see invisible (left hand)
Wands
 b - a wand of acid (8)
 f - a wand of flame (9)
 r - a wand of paralysis (6)
 t - a wand of iceblast (9)
Scrolls
 c - 2 scrolls of teleportation
 d - 3 scrolls of remove curse
 h - 5 scrolls of amnesia
 w - a scroll of enchant armour {unknown}
 x - 2 scrolls of magic mapping {unknown}
 y - a scroll of enchant weapon
Potions
 e - 4 potions of curing
 g - a potion of magic
 i - 4 potions of ambrosia
 k - a potion of mutation
 l - a potion of heal wounds
 u - 3 potions of resistance
 z - 3 potions of lignification


   Skills:
 - Level 3.4 Fighting
 * Level 14.8 Long Blades
 - Level 2.8 Dodging


You had 9 spell levels left.
You didn't know any spells.
Your spell library was empty.

Dungeon Overview and Level Annotations

Branches:
Dungeon (8/15)             Temple (0/1) D:7            Lair (0/6) D:8

Altars:
Cheibriados
Makhleb
Okawaru
Trog
Vehumet
Zin
The Shining One

Shops:
D:8 *


Innate Abilities, Weirdness & Mutations

You can breathe blasts of scalding, opaque steam.
Your pale cyan-grey scales are hard. (AC +7)
You cannot fit into any form of body armour.
You are cold-blooded and may be slowed by cold attacks.
Your tail ends in a poisonous barb.
You evolve.


Message History

A phantom comes into view.
The hornet stings you.
* * * LOW HITPOINT WARNING * * *
You are more poisoned.
You feel as though you will be slow longer.
The adder bites you but does no damage.
* * * LOW HITPOINT WARNING * * *
You feel very sick. The hornet stings you!
* * * LOW HITPOINT WARNING * * *
You feel as though you will be slow longer.
The water moccasin bites you but does no damage.
The hornet stings you but does no damage.
The adder bites you.
* * * LOW HITPOINT WARNING * * *
You are more poisoned.
The adder poisons you! The hornet completely misses you.
The water moccasin bites you but does no damage.
The hornet stings you!
You die...

##
...............P.........
#
.....##.##.##...........#
# .... #.W...##.........#
# ..# ##....####.....###
# . #.......#...#..... #
#.......#...#.....
##.......#...# ...
#....S.y.#'###
#.....@S†..)##.
#...###y.........
#....Z)#.....##..
.....By#........
#..o...#.........
....####...#..... ..#.
....#..... . . ...>#.....
# ...#


You could see a phantom, 2 hornets, a water moccasin and an adder.

Vanquished Creatures
  Pikel (D:8)
  A troll (D:8)
  Grinder (D:6)
  3 wargs (D:8)
  A water moccasin (D:8)
  An orc warrior (D:5)
  2 sky beasts
  Purgy (D:3)
  A black bear (D:5)
  3 centaurs
  An eye of draining (D:8)
  9 ogres
  A phantom (D:7)
  3 bullfrogs
  2 scorpions
  4 killer bees (D:7)
  10 wights
  5 howler monkeys
  A centaur zombie (D:7)
  2 bullfrog zombies
  4 orc wizards
  A quasit (D:7)
  4 jellies
  An orc priest (D:8)
  A gnoll shaman (D:5)
  3 bullfrog skeletons (D:8)
  A centaur skeleton (D:5)
  2 hounds
  An iguana (D:4)
  Natasha (thrice) (D:3)
  6 worker ants
  A hound zombie (D:8)
  A hound skeleton (D:5)
  A worker ant zombie (D:5)
  9 gnolls
  11 adders
  2 shadow imps
  An ufetubus (D:6)
  An ooze (D:6)
  2 adder skeletons
  5 worms
  2 dart slugs (D:1)
  2 leopard geckos
  13 orcs
  3 ball pythons
  3 bats
  3 giant cockroaches
  6 hobgoblins
  6 jackals
  6 kobolds
  8 quokkas
  5 frilled lizards
  8 goblins
  9 rats
188 creatures vanquished.

Notes
Turn   | Place    | Note
-------+----------+-------------------------------------------
     0 | D:1      | Kinoniko the Draconian Berserker began the quest for the
                  | Orb.
     0 | D:1      | Reached XP level 1. HP: 19/19 MP: 1/1
    94 | D:1      | Reached XP level 2. HP: 20/26 MP: 2/2
   437 | D:1      | Reached skill level 4 in Long Blades
   443 | D:1      | Reached XP level 3. HP: 7/31 MP: 3/3
  1564 | D:2      | Reached ** piety under Trog
  1672 | D:3      | Found a faded altar of an unknown god.
  1735 | D:3      | Reached XP level 4. HP: 38/38 MP: 4/4
  1861 | D:3      | Found a burning altar of Makhleb.
  1867 | D:3      | Reached skill level 5 in Long Blades
  1976 | D:3      | Found a glowing golden altar of the Shining One.
  2087 | D:3      | Found an iron altar of Okawaru.
  2258 | D:3      | Noticed Natasha
  2271 | D:3      | Killed Natasha
  2271 | D:3      | Reached XP level 5. HP: 45/45 MP: 3/5
  2293 | D:3      | Noticed Natasha
  2299 | D:3      | Killed Natasha
  2299 | D:3      | Reached skill level 6 in Long Blades
  2396 | D:3      | Noticed Purgy
  2416 | D:3      | Killed Purgy
  2416 | D:3      | Reached XP level 6. HP: 51/51 MP: 6/6
  2611 | D:3      | Noticed Natasha
  2623 | D:3      | Killed Natasha
  2761 | D:4      | Reached skill level 7 in Long Blades
  3491 | D:4      | Reached skill level 8 in Long Blades
  3491 | D:4      | Your scales start taking on a pale cyan-grey colour.
  3491 | D:4      | Reached XP level 7. HP: 57/57 MP: 7/7
  3729 | D:5      | Entered Level 5 of the Dungeon
  3761 | D:5      | Reached *** piety under Trog
  3805 | D:5      | Reached skill level 9 in Long Blades
  4092 | D:5      | Reached XP level 8. HP: 63/63 MP: 8/8
  4337 | D:5      | Reached skill level 10 in Long Blades
  4954 | D:6      | Reached skill level 11 in Long Blades
  5029 | D:6      | Noticed Grinder
  5038 | D:6      | Killed Grinder
  5107 | D:6      | Found a glowing silver altar of Zin.
  5197 | D:6      | Found an iron altar of Okawaru.
  5372 | D:6      | Reached XP level 9. HP: 70/70 MP: 9/9
  5442 | D:6      | Reached skill level 12 in Long Blades
  5760 | D:6      | Found a bloodstained altar of Trog.
  6008 | D:7      | Reached **** piety under Trog
  6024 | D:7      | Found a staircase to the Ecumenical Temple.
  6355 | D:7      | Found a radiant altar of Vehumet.
  6418 | D:7      | Reached skill level 13 in Long Blades
  6886 | D:7      | Found a snail-covered altar of Cheibriados.
  6976 | D:8      | Found Dagaesu's Assorted Antiques.
  7082 | D:8      | Noticed Pikel
  7106 | D:8      | Gained mutation: Your tail ends in a poisonous barb.
                  | [potion of mutation]
  7106 | D:8      | Gained mutation: You evolve. [potion of mutation]
  7138 | D:8      | Killed Pikel
  7138 | D:8      | Reached skill level 14 in Long Blades
  7138 | D:8      | Reached XP level 10. HP: 61/77 MP: 7/10
  7565 | D:8      | Found a staircase to the Lair.
  7623 | D:8      | Paralysed by a hornet for 3 turns
  7625 | D:8      | Slain by a hornet

Illustrated notes

Levels and vault maps discovered:
D:1:      sevenhm_arrival_forest_fort_large_2, layout_rooms
D:2:      layout_basic
D:3:      layout_basic, overflow_temple_1_default, overflow_temple_1_default,
          old_standard_altar, chequers_ecumenical_altar_simple_redux,
          minmay_hedge_maze, uniq_purgy, uniq_natasha
D:4:      layout_basic
D:5:      layout_loops_ring, hangedman_decor_peaks_small
D:6:      layout_loops_ring, zin_scriptorium, old_standard_altar,
          serial_park_tiny_1, okawaru_trees_2, uniq_grinder
D:7:      layout_rooms, cheibriados_altar_1, minmay_temple_entry_tees,
          basic_altar, kennysheep_generic_room_14
D:8:      layout_basic, erik_lair_orcish_takeover, serial_shops, shop_fountains,
          kennysheep_mini_moat, minmay_fractal_squares_5, uniq_pikel

Skill      XL: |  1  2  3  4  5  6  7  8  9 |
---------------+----------------------------+-----
Long Blades    | 4 5 6 8 9 11 14 | 14.8
Fighting       | |  3.4
Dodging        | |  2.8

Action                   |  1- 3 |  4- 6 |  7- 9 | 10-12 || total
-------------------------+-------+-------+-------+-------++-------
Melee: Falchion          |    95 |   104 |   355 |   115 ||   669
       Tailslap          |    18 |    11 |    73 |    26 ||   128
Invok: Berserk           |     2 |     9 |    14 |     2 ||    27
       Trog's Hand       |       |     1 |     2 |       ||     3
  Use: Scroll            |       |     8 |     7 |       ||    15
       Potion            |       |       |     9 |       ||     9
 Stab: Sleeping          |       |       |     1 |       ||     1
Armor: Skin              |    11 |    39 |   105 |    32 ||   187
Dodge: Dodged            |    60 |    80 |   205 |    47 ||   392
       Rpst.: Falchion   |    25 |    26 |    56 |    10 ||   117

Table legend: (Time is in decaauts)
 A = Elapsed time spent in this place.
 B = Non-inter-level travel time spent in this place.
 C = Inter-level travel time spent in this place.
 D = Time resting spent in this place.
 E = Time spent auto-exploring this place.
 F = Levels seen in this place.
 G = Mean time per level.
                   A        B        C        D        E       F      G
               +--------+--------+--------+--------+--------+-----+--------+
         Total |   7732 |   7567 |    165 |   2434 |   4048 |   8 |  966.5 |
       Dungeon |   7732 |   7567 |    165 |   2434 |   4048 |   8 |  966.5 |
               +--------+--------+--------+--------+--------+-----+--------+

Top non-repeatable levels by time:
     D:3: 1180 daAuts
     D:6: 1164 daAuts
     D:5: 1093 daAuts
     D:4: 1038 daAuts
     D:7: 980 daAuts
     D:1: 945 daAuts
     D:2: 720 daAuts
     D:8: 610 daAuts
